 Dungeon Crawl Stone Soup version 0.31-a0-121-g1e386dd289 (webtiles) character file.

Game seed: 2359274439618484593

3084 Darkkill the Skirmisher (level 9, -12/82 HPs)
             Began as a Minotaur Hunter on May 31, 2023.
             Was an Initiate of Gozag.
             Mangled by Erica the guardian serpent (15 damage)
             ... on level 8 of the Dungeon.
             The game lasted 00:12:13 (8547 turns).

Darkkill the Skirmisher (Minotaur Hunter)           Turns: 8547, Time: 00:12:14

Health: -12/82     AC:  7    Str: 16    XL:     9   Next: 58%
Magic:  8/8        EV: 18    Int:  6    God:    Gozag
Gold:   538        SH:  0    Dex: 24    Spells: 8/8 levels left

rFire   . . .        a - +3 shortbow
rCold   . . .        (shield currently unavailable)
rNeg    . . .        c - +0 leather armour
rPois   .            (helmet restricted)
rElec   .            k - +1 cloak
rCorr   .            i - +0 pair of gloves
SInv    +            r - +0 pair of boots
Will    .....        (no amulet)
Stlth   ++++         n - ring of see invisible
HPRegen 0.33/turn    E - +6 ring of dexterity
MPRegen 0.11/turn

%: no passive effects
@: slowed, very slow
A: horns 2, retaliatory headbutt
a: Renounce Religion, Potion Petition, Call Merchant, Bribe Branch


You were on level 8 of the Dungeon.
You worshipped Gozag.
Gozag was pleased with you.
You visited 2 branches of the dungeon, and saw 9 of its levels.
You also visited: Sewer.

You collected 701 gold pieces.
You spent 104 gold pieces at shops.
You paid 59 gold pieces to Gozag.

Inventory:

Hand Weapons
 a - a +3 shortbow (weapon)
 B - a +0 scythe
Missiles
 d - 2 throwing nets {=f !f}
 f - 4 boomerangs
 h - 49 stones
 u - 7 atropa-tipped darts
 w - 18 poisoned darts
Armour
 c - a +0 leather armour (worn)
 i - a +0 pair of gloves (worn)
 k - a +1 cloak (worn)
 r - a +0 pair of boots (worn)
Jewellery
 n - a ring of see invisible (left hand)
 E - a +6 ring of dexterity (right hand)
Wands
 s - a wand of polymorph (7)
Scrolls
 b - a scroll of butterflies
 q - 2 scrolls of teleportation
 v - 3 scrolls of fog
 y - a scroll of amnesia
Potions
 e - a potion of lignification {unknown}
 g - 6 potions of attraction
 j - a potion of magic {unknown}
 m - a potion of might
 o - a potion of cancellation
 p - a potion of brilliance
 t - a potion of mutation {unknown}
 z - a potion of enlightenment {unknown}
 A - 2 potions of haste


   Skills:
 + Level 8.4 Fighting
 + Level 8.6 Ranged Weapons
 + Level 7.7 Dodging
 + Level 6.1 Stealth


You had 8 spell levels left.
You didn't know any spells.
Your spell library contained the following spells:

 Spells                   Type           Power      Damage    Failure   Level
 Dazzling Flash           Conj/Hex       0%         N/A       88%         3
 Portal Projectile        Hex/Tloc       0%         N/A       88%         3
 Tukima's Dance           Hex            0%         N/A       88%         3
 Volatile Blastmotes      Fire/Tloc      0%         2d10      88%         3
 Iskenderun's Mystic Bla  Conj/Tloc      0%         2d3       99%         4
 Blade Hands              Tmut           0%         N/A       100%        5
 Starburst                Conj/Fire      0%         6d3       100%        6


Dungeon Overview and Level Annotations

Branches:
Dungeon (8/15)             Temple (1/1) D:5           Sewer (visited)
   Lair: D:8-11

Altars:
Elyvilon
Gozag
Hepliaklqana
Kikubaaqudgha
Makhleb
Nemelex Xobeh
Okawaru
Trog
Yredelemnul
Zin

Shops:
D:6 !

Annotations:
D:5 3 runed translucent doors, DeltaZero's ghost, novice HOFi
D:8 Erica


Innate Abilities, Weirdness & Mutations

You have a pair of horns on your head.
You reflexively headbutt those who attack you in melee.


Message History

Erica casts a spell.
Erica flickers and vanishes for a moment.
You are too injured to fight recklessly!
You feel better.
Erica hits you with a +2 scimitar of flaming!
Erica burns you.
You shoot an arrow. The arrow hits Erica.
Erica is moderately wounded.
Erica gestures at you while chanting.
You are confused.
You closely miss Erica.
Erica is moderately wounded.
Erica barely misses you.
Erica hits you with a +2 scimitar of flaming.
Erica burns you.
You bump into the rock wall.
Erica hits you but does no damage. Erica gestures at you while chanting.
You resist with significant effort. Erica gestures at you while chanting.
You feel yourself slow down.
You feel less confused.
Erica points at you and mumbles some strange words.
You resist with significant effort.
Erica hits you with a +2 scimitar of flaming.
Erica burns you.
Aiming: Polymorph
Press: ? - help, Q - select action, (/) - cycle Shift-Dir - straight line, f/p - Erica
Aim: Erica, wielding a +2 scimitar of flaming and wearing a +0 robe (moderately wounded, slightly transparent, will become a guardian serpent, a culicivora, or a sky beast, chance to affect: 17%) Erica resists with almost no effort.
Erica hits you with a +2 scimitar of flaming!
Erica burns you.
Aiming: Polymorph
Press: ? - help, Q - select action, (/) - cycle Shift-Dir - straight line, f/p - Erica
Aim: Erica, wielding a +2 scimitar of flaming and wearing a +0 robe (moderately wounded, slightly transparent, will become a guardian serpent, a culicivora, or a sky beast, chance to affect: 17%) Erica resists with almost no effort.
Erica barely misses you. You furiously retaliate!
You headbutt Erica. Erica hits you but does no damage.
You feel much better.
Erica hits you with a +2 scimitar of flaming!
Erica burns you.
Aiming: Polymorph
Press: ? - help, Q - select action, (/) - cycle Shift-Dir - straight line, f/p - Erica
Aim: Erica, wielding a +2 scimitar of flaming and wearing a +0 robe (moderately wounded, slightly transparent, will become a guardian serpent, a culicivora, or a sky beast, chance to affect: 17%) Erica resists with almost no effort.
Erica hits you with a +2 scimitar of flaming.
Erica burns you.
Erica points at you and mumbles some strange words.
The bolt of poison misses you.
Aiming: Polymorph
Press: ? - help, Q - select action, (/) - cycle Shift-Dir - straight line, f/p - Erica
Aim: Erica, wielding a +2 scimitar of flaming and wearing a +0 robe (moderately wounded, slightly transparent, will become a guardian serpent, a culicivora, or a sky beast, chance to affect: 17%) Erica resists with almost no effort.
Erica completely misses you. You furiously retaliate!
You headbutt Erica!
Aiming: Polymorph
Press: ? - help, Q - select action, (/) - cycle Shift-Dir - straight line, f/p - Erica
Aim: Erica, wielding a +2 scimitar of flaming and wearing a +0 robe (heavily wounded, slightly transparent, will become a guardian serpent, a culicivora, or a sky beast, chance to affect: 17%) Erica evaporates and reforms as a guardian serpent!
Erica completely misses you. Erica hits you.
Aiming: Polymorph
Press: ? - help, Q - select action, (/) - cycle Shift-Dir - straight line, f/p - Erica
Aim: Erica the guardian serpent (will become a fire crab, a culicivora, or an entropy weaver, chance to affect: 17%) Erica resists with almost no effort.
Erica hits you. Erica hits you!
* * * LOW HITPOINT WARNING * * *
You feel much better.
Erica screams, "Die!"
Erica hits you! Erica barely misses you.
You feel much better.
Erica says, "I love to fight, but killing is better."
Erica barely misses you. You furiously retaliate!
You headbutt Erica. Erica hits you! Erica casts a spell at you.
You feel as though you will be slow longer.
You shoot an arrow. The arrow hits Erica!
Erica is moderately wounded.
Erica hits you!! Erica hits you!
* * * LOW HITPOINT WARNING * * *
You feel much better. Erica hits you!!
* * * LOW HITPOINT WARNING * * *
Erica closely misses you.
Aiming: Polymorph
Press: ? - help, Q - select action, (/) - cycle Shift-Dir - straight line, f/p - Erica
Aim: Erica the guardian serpent (moderately wounded, will become a fire crab, a culicivora, or an entropy weaver, chance to affect: 17%) Erica resists with almost no effort.
Erica completely misses you. x2; You furiously retaliate!
You headbutt Erica.
You feel much better. Erica hits you! Erica completely misses you.
Erica closely misses you. You furiously retaliate!
You headbutt Erica. You shoot an arrow. The arrow closely misses Erica.
Erica barely misses you. Erica completely misses you.
You shoot an arrow. The arrow hits Erica!
Erica is severely wounded.
Erica hits you!
* * * LOW HITPOINT WARNING * * *
Erica hits you!!
* * * LOW HITPOINT WARNING * * *
You shoot an arrow. The arrow hits Erica.
Erica is severely wounded.
Erica hits you!
You die...
Your body crumbles into a pile of gold.

####..# ##.#
#......... #.##
#......... #..#
#......... ##.#
#......<.. #.#
#.......$. #.#
......... #.#
#######.......>
#.#
#......@S....#
#.#
#.####....####
#.###.# #.####
#.##..# ...#
#.##.###.###
#.##.# #.
######.##.###
#..........#
#..........#


You could see Erica the guardian serpent.

Vanquished Creatures
  Maggie (D:7)
  Eustachio (D:4)
  Edmund (D:4)
  2 water moccasins
  Duvessa (D:7)
  An orc warrior (D:7)
  An ice beast (D:8)
  An ogre (D:6)
  A black bear (D:5)
  A centaur (D:7)
  A phantom (D:6)
  A kobold brigand (D:7)
  5 bullfrogs
  4 scorpions
  6 wights (D:7)
  Dowan (D:7)
  3 hounds
  An orc priest (D:5)
  2 gnoll boudas (D:4)
  An iguana (D:5)
  5 orc wizards
  A sleepcap (D:7)
  A hell rat (Sewer)
  Terence (D:2)
  11 gnolls
  4 adders
  3 river rats (Sewer)
  3 white imps
  2 worms
  A dart slug (D:2)
  23 orcs
  9 endoplasms
  9 giant cockroaches
  11 goblins
  13 hobgoblins
  2 jackals (D:1)
  8 quokkas
  9 ball pythons
  7 bats
  4 frilled lizards
  16 kobolds
  18 rats
197 creatures vanquished.

Notes
Turn   | Place    | Note
-------+----------+-------------------------------------------
     0 | D:1      | Darkkill the Minotaur Hunter began the quest for the Orb.
     0 | D:1      | Reached XP level 1. HP: 18/18 MP: 0/0
   147 | D:1      | Reached skill level 1 in Stealth
   210 | D:1      | Reached XP level 2. HP: 25/25 MP: 1/1
   968 | D:2      | Reached XP level 3. HP: 31/31 MP: 2/2
   977 | D:2      | Found a burning altar of Makhleb.
  1054 | D:2      | You fall into a shaft and drop 1 floor!
  1305 | D:2      | Noticed Terence
  1315 | D:2      | Killed Terence
  1316 | D:2      | Reached XP level 4. HP: 35/38 MP: 3/3
  1568 | D:2      | Found a faded altar of an unknown god.
  2033 | D:3      | Reached skill level 5 in Ranged Weapons
  2785 | D:4      | Noticed Eustachio
  2812 | D:4      | HP: 7/39 [Eustachio/+0 rapier (9)]
  2813 | D:4      | Killed Eustachio
  2814 | D:4      | Reached XP level 5. HP: 9/46 MP: 4/4
  2923 | D:4      | Reached XP level 6. HP: 27/53 MP: 5/5
  3440 | D:4      | Noticed Edmund
  3450 | D:4      | Killed Edmund
  3451 | D:4      | Reached skill level 5 in Fighting
  3451 | D:4      | Reached XP level 7. HP: 40/61 MP: 6/6
  4295 | D:5      | Entered Level 5 of the Dungeon
  4307 | D:5      | Found a runed translucent gate.
  4308 | D:5      | Found a runed translucent gate.
  4308 | D:5      | Noticed DeltaZero's ghost (novice HOFi)
  4309 | D:5      | Found a runed translucent gate.
  4319 | D:5      | Reached skill level 5 in Dodging
  4455 | D:5      | Found a glowing drain.
  4474 | Sewer    | Entered a sewer
  4625 | D:5      | HP: 7/62 [iguana (10)]
  4920 | D:5      | Reached XP level 8. HP: 70/70 MP: 7/7
  5390 | D:5      | Found a staircase to the Ecumenical Temple.
  5619 | D:5      | Identified the +0 ring mail of the Shrieking God {rC+}
  5696 | Temple   | Entered the Ecumenical Temple
  5703 | Temple   | Became a worshipper of Gozag Ym Sagoz the Greedy
  5913 | D:6      | Found Xotrior's Distillery.
  5938 | D:6      | Bought a potion of curing for 39 gold pieces
  5938 | D:6      | Bought a potion of heal wounds for 65 gold pieces
  5953 | D:6      | HP: 14/71 [ogre/+0 giant club (22)]
  6877 | D:7      | Reached skill level 5 in Stealth
  7124 | D:7      | Reached XP level 9. HP: 79/79 MP: 8/8
  7179 | D:7      | Noticed Duvessa
  7179 | D:7      | Noticed Dowan
  7189 | D:7      | Killed Duvessa
  7192 | D:7      | Killed Dowan
  7783 | D:7      | Noticed Maggie
  7803 | D:7      | Killed Maggie
  8423 | D:8      | Found a sparkling altar of Nemelex Xobeh.
  8515 | D:8      | Noticed Erica
  8537 | D:8      | Erica changed into Erica the guardian serpent
  8537 | D:8      | Noticed Erica
  8546 | D:8      | HP: 3/82 [Erica the guardian serpent (21)]
  8547 | D:8      | Mangled by Erica the guardian serpent

Illustrated notes

Levels and vault maps discovered:
D:1:      onia_arrival_mini_spirals, layout_loops_corners
D:2:      layout_loops_ring, hellmonk_ecumenical_altar_inner_sanctum,
          basic_altar, chequers_serial_rivers_small_a, minivault_4,
          palyth_stone_intersect, minmay_pentomino_s2, uniq_terence
D:3:      kb_forest_paths, layout_basic, nicolae_elevator_lobby_asterisk
D:4:      layout_basic, st_stairs_1, uniq_eustachio, uniq_edmund
D:5:      layout_basic, minmay_temple_entry_mist, gup_sewer_entry_pipe,
          biasface_ghost_orc_armoury
D:6:      layout_gridville, serial_shops, shop_statue
D:7:      layout_basic, sigmund_army, uniq_duvessa, uniq_maggie
D:8:      layout_rooms, nemelex_xobeh_ov_fountains_minmay, david_lair_generic,
          uniq_erica
Temple:   compressed_dpeg_triangle_lava_temple

Skill      XL: |  1  2  3  4  5  6  7  8  9 |
---------------+----------------------------+-----
Stealth        | 1 2 3 4 5 6 |  6.1
Fighting       | 3 4 5 7 8 |  8.4
Dodging        | 3 4 5 6 7 |  7.7
Ranged Weapons | 5 6 7 8 |  8.6

Action                     |  1- 3 |  4- 6 |  7- 9 || total
---------------------------+-------+-------+-------++-------
  Melee: Shortbow          |       |       |     1 ||     1
   Fire: Shortbow          |   109 |   202 |   393 ||   704
  Evoke: Wand              |       |       |     7 ||     7
    Use: Scroll            |     3 |     4 |    15 ||    22
         Potion            |     1 |       |    10 ||    11
 Armour: Leather armour    |     9 |    37 |    42 ||    88
  Dodge: Dodged            |    20 |    99 |   207 ||   326

Table legend: (Time is in decaauts)
 A = Elapsed time spent in this place.
 B = Non-inter-level travel time spent in this place.
 C = Inter-level travel time spent in this place.
 D = Time resting spent in this place.
 E = Time spent auto-exploring this place.
 F = Levels seen in this place.
 G = Mean time per level.
                   A        B        C        D        E       F      G
               +--------+--------+--------+--------+--------+-----+--------+
         Total |   8666 |   8300 |    366 |    293 |   6645 |  10 |  866.6 |
       Dungeon |   8545 |   8179 |    366 |    293 |   6606 |   8 | 1068.1 |
        Temple |     16 |     16 |      0 |      0 |      0 |   1 |   16.0 |
         Sewer |    105 |    105 |      0 |      0 |     39 |   1 |  105.0 |
               +--------+--------+--------+--------+--------+-----+--------+

Top non-repeatable levels by time:
     D:4: 1588 daAuts
     D:7: 1583 daAuts
     D:5: 1427 daAuts
     D:6: 1045 daAuts
     D:1: 979 daAuts
     D:3: 976 daAuts
     D:2: 812 daAuts
     D:8: 132 daAuts
   Sewer: 105 daAuts
  Temple: 16 daAuts

Levels and vault maps discovered:
D:1:      onia_arrival_mini_spirals, layout_loops_corners
D:2:      layout_loops_ring, hellmonk_ecumenical_altar_inner_sanctum,
          basic_altar, chequers_serial_rivers_small_a, minivault_4,
          palyth_stone_intersect, minmay_pentomino_s2, uniq_terence
D:3:      kb_forest_paths, layout_basic, nicolae_elevator_lobby_asterisk
D:4:      layout_basic, st_stairs_1, uniq_eustachio, uniq_edmund
D:5:      layout_basic, minmay_temple_entry_mist, gup_sewer_entry_pipe,
          biasface_ghost_orc_armoury
D:6:      layout_gridville, serial_shops, shop_statue
D:7:      layout_basic, sigmund_army, uniq_duvessa, uniq_maggie
D:8:      layout_rooms, nemelex_xobeh_ov_fountains_minmay, david_lair_generic,
          uniq_erica
Temple:   compressed_dpeg_triangle_lava_temple

Table legend: (Time is in decaauts)
 A = Elapsed time spent in this place.
 B = Non-inter-level travel time spent in this place.
 C = Inter-level travel time spent in this place.
 D = Time resting spent in this place.
 E = Time spent auto-exploring this place.
 F = Levels seen in this place.
 G = Mean time per level.
                   A        B        C        D        E       F      G
               +--------+--------+--------+--------+--------+-----+--------+
         Total |   8666 |   8300 |    366 |    293 |   6645 |  10 |  866.6 |
       Dungeon |   8545 |   8179 |    366 |    293 |   6606 |   8 | 1068.1 |
        Temple |     16 |     16 |      0 |      0 |      0 |   1 |   16.0 |
         Sewer |    105 |    105 |      0 |      0 |     39 |   1 |  105.0 |
               +--------+--------+--------+--------+--------+-----+--------+

Top non-repeatable levels by time:
     D:4: 1588 daAuts
     D:7: 1583 daAuts
     D:5: 1427 daAuts
     D:6: 1045 daAuts
     D:1: 979 daAuts
     D:3: 976 daAuts
     D:2: 812 daAuts
     D:8: 132 daAuts
   Sewer: 105 daAuts
  Temple: 16 daAuts

Table legend:
 A = Kills in this place as a percentage of kills in the entire game.
 B = Kills by you in this place as a percentage of kills by you in the entire game.
 C = Kills by friends in this place as a percentage of kills by friends in the entire game.
 D = Other kills in this place as a percentage of other kills in the entire game.
 E = Experience gained in this place as a percentage of experience gained in the entire game.
 F = Experience gained in this place divided by the number of levels of this place that you have seen.
                   A       B       C       D       E      F
               +-------+-------+-------+-------+-------+----------------------
         Total | 100.0 | 100.0 |   N/A |   N/A | 100.0 | 440.6
       Dungeon |  94.4 |  94.4 |   N/A |   N/A |  98.2 | 540.6
         Sewer |   5.6 |   5.6 |   N/A |   N/A |   1.8 |  81.0
               +-------+-------+-------+-------+-------+----------------------
